SR
STATEN ISLAND PIZZA RATS @ CAPITAL HILL INTERNS
09/03/2032
 
TOP OF THE 1ST
Staten Island Pizza Rats batting - Pitching for Capital Hill Interns : RHP Bo Zhào
Pitching: RHP Bo Zhào
Batting: SHB Cheong-hun Kang 0-0: Called Strike
0-1: Ball
1-1: Foul Ball, location: 2F
1-2: Ball
2-2: SINGLE (Line Drive, 89S)
Batting: LHB Ryan Dudley 0-0: Called Strike
0-1: Ball
1-1: Called Strike
1-2: Ball
Cheong-hun Kang is caught stealing 2nd base
2-2: Strikes out swinging
Batting: RHB John Mayasich 0-0: Ball
1-0: Ball
2-0: Ball
3-0: Called Strike
3-1: Foul Ball, location: 2F
3-2: Ground out 6-3 (Groundball, 6)
Top of the 1st over - 0 runs, 1 hit, 0 errors, 0 left on base; Staten Island 0 - Capital Hill 0
BOTTOM OF THE 1ST
Capital Hill Interns batting - Pitching for Staten Island Pizza Rats : RHP Ed Molloy
Pitching: RHP Ed Molloy
Batting: RHB Charles Atkinson 0-0: Ball
1-0: Swinging Strike
1-1: Swinging Strike
1-2: Ball
2-2: Strikes out looking
Batting: RHB John Fitzgerald 0-0: Swinging Strike
0-1: Foul Ball, location: 2F
0-2: Strikes out looking
Batting: RHB Dale Clark 0-0: Called Strike
0-1: Ball
1-1: Foul Ball, location: 2F
1-2: Ground out 6-3 (Groundball, 56D)
Bottom of the 1st over - 0 runs, 0 hits, 0 errors, 0 left on base; Staten Island 0 - Capital Hill 0
TOP OF THE 2ND
Staten Island Pizza Rats batting - Pitching for Capital Hill Interns : RHP Bo Zhào
Batting: LHB Dallas McMurran 0-0: Ball
1-0: Foul Ball, location: 2F
1-1: Foul Ball, location: 2F
1-2: Ball
2-2: Foul Ball, location: 2F
2-2: Ball
3-2: SINGLE (Flyball, 7S)
Batting: RHB Jeff Perkins 0-0: Ball
1-0: Fly out, F9 (Flyball, 89M)
Batting: LHB Don Mosley 0-0: Ball
1-0: Ball
2-0: Foul Ball, location: 2F
2-1: Fly out, F2 (Popup, 23F)
Batting: RHB Carlos Gonzáles 0-0: Ball
1-0: Called Strike
1-1: Ball
Throwing error on steal attempt, E2
Dallas McMurran to third
2-1: SINGLE (Groundball, 34S) (infield hit)
Dallas McMurran scores
Batting: LHB Andrés Rodríguez 0-0: Called Strike
0-1: Ball
1-1: Ball
2-1: Foul Ball, location: 2F
2-2: Ball
3-2: Foul Ball, location: 2F
3-2: Strikes out swinging
Top of the 2nd over - 1 run, 2 hits, 1 error, 1 left on base; Staten Island 1 - Capital Hill 0
BOTTOM OF THE 2ND
Capital Hill Interns batting - Pitching for Staten Island Pizza Rats : RHP Ed Molloy
Batting: RHB Jun Gan 0-0: Foul Ball, location: 2F
0-1: Foul Ball, location: 2F
0-2: Fly out, F7 (Flyball, 78D)
Batting: RHB Ramiro Vera 0-0: Swinging Strike
0-1: Called Strike
0-2: Foul Ball, location: 2F
0-2: Ball
1-2: Ball
2-2: Ball
3-2: Strikes out swinging
Batting: RHB John Ellwanger 0-0: Swinging Strike
0-1: Ball
1-1: Swinging Strike
1-2: Ground out 6-3 (Groundball, 6D)
Bottom of the 2nd over - 0 runs, 0 hits, 0 errors, 0 left on base; Staten Island 1 - Capital Hill 0
TOP OF THE 3RD
Staten Island Pizza Rats batting - Pitching for Capital Hill Interns : RHP Bo Zhào
Batting: RHB Tadao Tsukamoto 0-0: Ball
1-0: Foul Ball, location: 2F
1-1: Swinging Strike
1-2: SINGLE (Groundball, 4MD)
Batting: SHB Cheong-hun Kang 0-0: Ball
1-0: Called Strike
1-1: Fly out, F7 (Flyball, 7)
Batting: LHB Ryan Dudley 0-0: Called Strike
0-1: Swinging Strike
0-2: Strikes out swinging
Batting: RHB John Mayasich 0-0: Foul Ball, location: 2F
0-1: Swinging Strike
0-2: Ball
1-2: SINGLE (Flyball, 8LS)
Tadao Tsukamoto to second
Batting: LHB Dallas McMurran 0-0: Ball
1-0: Ball
2-0: Ball
3-0: Called Strike
3-1: Foul Ball, location: 2F
3-2: Fly out, F5 (Popup, 5)
Top of the 3rd over - 0 runs, 2 hits, 0 errors, 2 left on base; Staten Island 1 - Capital Hill 0
BOTTOM OF THE 3RD
Capital Hill Interns batting - Pitching for Staten Island Pizza Rats : RHP Ed Molloy
Batting: RHB Michael Ruscoe 0-0: Ball
1-0: Ball
2-0: Ball
3-0: Called Strike
3-1: Base on Balls
Batting: LHB Sherman Hoffman 0-0: Ball
1-0: Swinging Strike
1-1: Ball
2-1: Ball
3-1: Foul Ball, location: 2F
3-2: Fly out, F7 (Flyball, 7LS)
Batting: RHB Ken Pittman 0-0: Ball
1-0: Ball
Michael Ruscoe steals 2nd base
2-0: Ball
3-0: Called Strike
3-1: Called Strike
3-2: Base on Balls
Batting: RHB Charles Atkinson 0-0: Ball
1-0: Fielders Choice at 2nd, 5-4 (Groundball, 56)
Michael Ruscoe to third
Batting: RHB John Fitzgerald 0-0: Ball
1-0: Ball
2-0: Foul Ball, location: 2F
2-1: Ball
3-1: Called Strike
3-2: Base on Balls
Charles Atkinson to second
Batting: RHB Dale Clark 0-0: Ball
1-0: Called Strike
1-1: Fly out, F8 (Flyball, 8LM)
Bottom of the 3rd over - 0 runs, 0 hits, 0 errors, 3 left on base; Staten Island 1 - Capital Hill 0
TOP OF THE 4TH
Staten Island Pizza Rats batting - Pitching for Capital Hill Interns : RHP Bo Zhào
Batting: RHB Jeff Perkins 0-0: Called Strike
0-1: Foul Ball, location: 2F
0-2: Ball
1-2: Ball
2-2: Strikes out swinging
Batting: LHB Don Mosley 0-0: Ball
1-0: Ground out 4-3 (Groundball, 4)
Batting: RHB Carlos Gonzáles 0-0: Swinging Strike
0-1: Swinging Strike
0-2: Ball
1-2: Strikes out swinging
Top of the 4th over - 0 runs, 0 hits, 0 errors, 0 left on base; Staten Island 1 - Capital Hill 0
BOTTOM OF THE 4TH
Capital Hill Interns batting - Pitching for Staten Island Pizza Rats : RHP Ed Molloy
Batting: RHB Jun Gan 0-0: Called Strike
0-1: Swinging Strike
0-2: Ball
1-2: Foul Ball, location: 2F
1-2: Foul Ball, location: 2F
1-2: Strikes out swinging
Batting: RHB Ramiro Vera 0-0: Ball
1-0: Ball
2-0: Ball
3-0: Called Strike
3-1: Fly out, F7 (Line Drive, 7S)
Batting: RHB John Ellwanger 0-0: Called Strike
0-1: Called Strike
0-2: Ball
1-2: Foul Ball, location: 2F
1-2: Strikes out looking
Bottom of the 4th over - 0 runs, 0 hits, 0 errors, 0 left on base; Staten Island 1 - Capital Hill 0
TOP OF THE 5TH
Staten Island Pizza Rats batting - Pitching for Capital Hill Interns : RHP Bo Zhào
Batting: LHB Andrés Rodríguez 0-0: Foul Ball, location: 2F
0-1: Foul Ball, location: 2F
0-2: Strikes out looking
Batting: RHB Tadao Tsukamoto 0-0: Ball
1-0: Fly out, F8 (Flyball, 89M)
Batting: SHB Cheong-hun Kang 0-0: Called Strike
0-1: Foul Ball, location: 2F
0-2: Ball
1-2: Foul Ball, location: 2F
1-2: Ball
2-2: SINGLE (Flyball, 9LM)
Batting: LHB Ryan Dudley 0-0: Called Strike
Cheong-hun Kang is caught stealing 2nd base
Top of the 5th over - 0 runs, 1 hit, 0 errors, 0 left on base; Staten Island 1 - Capital Hill 0
BOTTOM OF THE 5TH
Capital Hill Interns batting - Pitching for Staten Island Pizza Rats : RHP Ed Molloy
Batting: RHB Michael Ruscoe 0-0: Ground out 1-3 (Groundball, 13S)
Batting: LHB Sherman Hoffman 0-0: SINGLE (Groundball, 4MD)
Batting: RHB Ken Pittman 0-0: Foul Ball, location: 2F
0-1: Ball
1-1: Foul Ball, location: 2F
1-2: Ball
2-2: Ball
3-2: SINGLE (Groundball, 56D)
Sherman Hoffman to second
Batting: RHB Charles Atkinson 0-0: Ball
1-0: Foul Ball, location: 2F
1-1: Foul Ball, location: 2F
1-2: Fly out, F4 (Line Drive, 34D)
Batting: RHB John Fitzgerald 0-0: Ball
1-0: Swinging Strike
1-1: Foul Ball, location: 2F
1-2: Fly out, F7 (Flyball, 7)
Bottom of the 5th over - 0 runs, 2 hits, 0 errors, 2 left on base; Staten Island 1 - Capital Hill 0
TOP OF THE 6TH
Staten Island Pizza Rats batting - Pitching for Capital Hill Interns : RHP Bo Zhào
Batting: LHB Ryan Dudley 0-0: Swinging Strike
0-1: Ground out 4-3 (Groundball, 4)
Batting: RHB John Mayasich 0-0: Foul Ball, location: 2F
0-1: Called Strike
0-2: Ball
1-2: Ball
2-2: Foul Ball, location: 2F
2-2: Ground out 1-3 (Groundball, P)
Batting: LHB Dallas McMurran 0-0: Ground out 4-3 (Groundball, 4)
Top of the 6th over - 0 runs, 0 hits, 0 errors, 0 left on base; Staten Island 1 - Capital Hill 0
BOTTOM OF THE 6TH
Capital Hill Interns batting - Pitching for Staten Island Pizza Rats : RHP Ed Molloy
Batting: RHB Dale Clark 0-0: Ball
1-0: Called Strike
1-1: Foul Ball, location: 2F
1-2: Foul Ball, location: 2F
1-2: Ball
2-2: Ball
3-2: Fly out, F9 (Flyball, 9S)
Batting: RHB Jun Gan 0-0: Ball
1-0: Called Strike
1-1: Called Strike
1-2: Strikes out looking
Batting: RHB Ramiro Vera 0-0: Called Strike
0-1: SINGLE (Groundball, 56D)
Batting: RHB John Ellwanger 0-0: Ball
1-0: Ball
2-0: Called Strike
2-1: Ball
3-1: Foul Ball, location: 2F
3-2: SINGLE (Groundball, 56) (infield hit)
Ramiro Vera to second
Batting: RHB Michael Ruscoe 0-0: Ball
1-0: Ball
2-0: Fly out, F8 (Flyball, 8RM)
Bottom of the 6th over - 0 runs, 2 hits, 0 errors, 2 left on base; Staten Island 1 - Capital Hill 0
TOP OF THE 7TH
Staten Island Pizza Rats batting - Pitching for Capital Hill Interns : RHP Bo Zhào
Batting: RHB Jeff Perkins 0-0: Foul Ball, location: 2F
0-1: Swinging Strike
0-2: Strikes out swinging
Batting: LHB Don Mosley 0-0: Ball
1-0: Foul Ball, location: 2F
1-1: SINGLE (Line Drive, 4D)
Batting: RHB Carlos Gonzáles 0-0: Called Strike
0-1: Swinging Strike
0-2: Ball
1-2: Foul Ball, location: 2F
1-2: Ball
2-2: Foul Ball, location: 2F
2-2: Ball
3-2: Ground out U3 (Groundball, 23)
Don Mosley to second
Batting: LHB Andrés Rodríguez 0-0: Ball
1-0: Called Strike
1-1: Swinging Strike
1-2: Ground out 4-3 (Groundball, 4)
Top of the 7th over - 0 runs, 1 hit, 0 errors, 1 left on base; Staten Island 1 - Capital Hill 0
BOTTOM OF THE 7TH
Capital Hill Interns batting - Pitching for Staten Island Pizza Rats : RHP Ed Molloy
Pitching: RHP José Salinas
Batting: LHB Sherman Hoffman 0-0: SINGLE (Groundball, 4D)
Batting: RHB Ken Pittman 0-0: Ball
1-0: Called Strike
1-1: Ball
2-1: Foul Ball, location: 2F
2-2: Foul Ball, location: 2F
2-2: Strikes out swinging
Batting: RHB Charles Atkinson 0-0: Ball
1-0: Called Strike
1-1: Ball
2-1: Foul Ball, location: 2F
2-2: Foul Ball, location: 2F
2-2: Fly out, F6 (Line Drive, 6)
Batting: RHB John Fitzgerald 0-0: Called Strike
0-1: Fielders Choice at 2nd, 5-4 (Groundball, 5L)
Bottom of the 7th over - 0 runs, 1 hit, 0 errors, 1 left on base; Staten Island 1 - Capital Hill 0
TOP OF THE 8TH
Staten Island Pizza Rats batting - Pitching for Capital Hill Interns : RHP Bo Zhào
Batting: RHB Tadao Tsukamoto 0-0: Fly out, F6 (Line Drive, 6)
Batting: SHB Cheong-hun Kang 0-0: Swinging Strike
0-1: Ball
1-1: SINGLE (Groundball, 34S) (infield hit)
Pitching: RHP Vincent Moreau
Batting: LHB Ryan Dudley 0-0: SINGLE (Groundball, 6MD)
Cheong-hun Kang to second
Runner from 2nd tries for 3rd, SAFE, no throw
Batting: RHB John Mayasich 0-0: Called Strike
0-1: Ball
1-1: Ball
2-1: Ball
3-1: Fly out, F8 (Flyball, 8RS)
Runner from 3rd tags up, SCORES, no throw
Batting: LHB Dallas McMurran 0-0: Called Strike
0-1: Foul Ball, location: 2F
0-2: Ball
1-2: Ball
2-2: SINGLE (Groundball, 56D)
Ryan Dudley to second
Ryan Dudley to third
Batting: RHB Jeff Perkins 0-0: Called Strike
0-1: Ball
1-1: Fly out, F8 (Flyball, 89D)
Top of the 8th over - 1 run, 3 hits, 0 errors, 2 left on base; Staten Island 2 - Capital Hill 0
BOTTOM OF THE 8TH
Capital Hill Interns batting - Pitching for Staten Island Pizza Rats : RHP José Salinas
Pitching: RHP Luis González
Batting: RHB Dale Clark 0-0: Swinging Strike
0-1: Swinging Strike
0-2: Ball
1-2: Foul Ball, location: 2F
1-2: Foul Ball, location: 2F
1-2: Strikes out swinging, 2-3 out at first.
Batting: RHB Jun Gan 0-0: Ball
1-0: Called Strike
1-1: Ball
2-1: Foul Ball, location: 2F
2-2: Strikes out swinging
Batting: RHB Ramiro Vera 0-0: Ball
1-0: Ball
2-0: Foul Ball, location: 2F
2-1: Ball
3-1: Foul Ball, location: 2F
3-2: Foul Ball, location: 2F
3-2: SINGLE (Flyball, 9S)
Batting: RHB John Ellwanger 0-0: Foul Ball, location: 2F
0-1: Ball
1-1: Ball
2-1: Ball
3-1: Base on Balls
Ramiro Vera to second
Pinch Runner at 2nd Mark Boyle:
Pinch Hitting: RHB Juan Echerearria 0-0: Ball
1-0: DOUBLE (Line Drive, 7LD)
Mark Boyle scores
John Ellwanger to third
Batting: LHB Sherman Hoffman 0-0: Ground out U3 (Groundball, 3)
Bottom of the 8th over - 1 run, 2 hits, 0 errors, 2 left on base; Staten Island 2 - Capital Hill 1
TOP OF THE 9TH
Staten Island Pizza Rats batting - Pitching for Capital Hill Interns : RHP Vincent Moreau
Now at 1B: Juan Echerearria
Now in LF: Mark Boyle
Batting: LHB Don Mosley 0-0: Called Strike
0-1: Foul Ball, location: 2F
0-2: Ball
1-2: Ball
2-2: Fly out, F9 (Flyball, 9S)
Batting: RHB Carlos Gonzáles 0-0: Foul Ball, location: 2F
0-1: Ball
1-1: Ground out 1-3 (Groundball, P)
Batting: LHB Andrés Rodríguez 0-0: Called Strike
0-1: Ball
1-1: Ground out U3 (Groundball, 3L)
Top of the 9th over - 0 runs, 0 hits, 0 errors, 0 left on base; Staten Island 2 - Capital Hill 1
BOTTOM OF THE 9TH
Capital Hill Interns batting - Pitching for Staten Island Pizza Rats : RHP Luis González
Batting: RHB Ken Pittman 0-0: Swinging Strike
0-1: Swinging Strike
0-2: Ball
1-2: Ball
2-2: Ground out 6-3 (Groundball, 56D)
Batting: RHB Charles Atkinson 0-0: Called Strike
0-1: Ball
1-1: Foul Ball, location: 2F
1-2: Strikes out swinging
Batting: RHB John Fitzgerald 0-0: Called Strike
0-1: Ball
1-1: Foul Ball, location: 2F
1-2: Ball
2-2: Foul Ball, location: 2F
2-2: Strikes out looking
Bottom of the 9th over - 0 runs, 0 hits, 0 errors, 0 left on base; Staten Island 2 - Capital Hill 1
Wednesday, September 19th, 2018 - OOTP Baseball 18.8 Build 76